Map: Romanticide LE

Players

HeroMarine - Winner!

  • Race: Terran Terran

ziGGy

  • Race: Terran Terran

Event: DreamHack SC2 Masters 2021 Fall

VOD

Have the link to the VOD?

Description

Time

  • Played on: Aug. 1, 2021, 10:37 a.m.
  • Length: 13:53

All games in this series

Show
View Real Time Build Order
Export as new Build Order

HeroMarine Terran - Winner!

Build Orders:  

Get SALT Encoding   

  12  0:00  SCV  
  13  0:12  SCV  
  14  0:17  Supply Depot  
  14  0:24  SCV  
  15  0:38  SCV  
  15  0:39  Barracks  
  16  0:43  Refinery  
  16  0:50  SCV  
  16  0:53  Refinery  
  17  1:03  SCV  
  18  1:15  SCV  
  19  1:27  Reaper, Orbital Command  
  19  1:29  Supply Depot  
  20  1:43  Factory  
  20  1:52  SCV  
  21  2:00  Barracks Reactor  
  21  2:05  SCV  
  22  2:17  Command Center  
  22  2:20  SCV  
  23  2:26  Hellion  
  25  2:32  SCV  
  26  2:37  Reaper, Supply Depot  
  26  2:38  Reaper  
  28  2:44  SCV  
  28  2:48  Factory Tech Lab  
  29  2:56  SCV  
  30  3:06  Cyclone  
  30  3:09  Marine, SCV  
  30  3:10  Marine  
  36  3:18  Starport  
  36  3:21  SCV  
  36  3:26  Marine  
  38  3:27  Refinery  
  38  3:28  Marine  
  38  3:33  Orbital Command  
  39  3:34  SCV  
  40  3:42  Siege Tank  
  40  3:47  Marine x2, SCV  
  46  3:57  Viking  
  46  4:02  Supply Depot  
  48  4:05  Marine x2  
  48  4:11  SCV x2  
  47  4:18  Cyclone  
  47  4:23  SCV  
  49  4:28  SCV  
  49  4:29  Marine  
  49  4:31  Marine  
  51  4:33  Starport Tech Lab  
  51  4:35  SCV  
  53  4:40  SCV  
  53  4:46  Supply Depot  
  53  4:47  Marine, SCV  
  53  4:52  SCV  
  51  4:53  Raven  
  51  4:56  Siege Tank  
  51  4:57  Marine  
  57  5:01  SCV  
  57  5:04  Marine, SCV  
  60  5:13  Supply Depot, SCV  
  61  5:15  Marine  
  61  5:16  SCV  
  63  5:26  SCV  
  62  5:28  SCV, Siege Tank  
  62  5:32  Marine  
  62  5:35  Marine  
  66  5:36  Raven  
  66  5:39  Supply Depot  
  66  5:40  SCV  
  66  5:42  SCV  
  70  5:50  Marine  
  70  5:52  Marine, SCV  
  70  5:54  SCV  
  74  6:00  Siege Tank  
  74  6:04  SCV  
  74  6:06  SCV  
  75  6:13  Command Center  
  75  6:16  SCV  
  76  6:18  SCV  
  77  6:26  Refinery, Viking  
  77  6:27  Marine, Viking  
  84  6:36  Siege Tank  
  84  6:38  Supply Depot  
  84  6:39  Supply Depot  
  85  6:41  SCV  
  85  6:45  Supply Depot  
  86  6:57  Stimpack  
  86  7:00  Marine, Viking x2, SCV x2  
  92  7:12  SCV x2  
  92  7:14  Siege Tank  
  97  7:20  Barracks  
  97  7:21  Engineering Bay x2  
  97  7:22  Barracks  
  97  7:24  SCV x2  
  99  7:36  SCV x2  
  99  7:37  Marine, Viking x2  
  105  7:48  SCV x2  
  105  7:51  Siege Tank  
  105  7:57  Terran Infantry Armor Level 1, Terran Infantry Weapons Level 1  
  105  7:58  Orbital Command  
  105  8:00  Marine, SCV x2  
  108  8:10  Barracks Reactor x2  
  108  8:12  SCV x2  
  106  8:21  Viking  
  106  8:24  Viking  
  106  8:25  SCV x2, Siege Tank  
  112  8:27  SCV  
  113  8:37  SCV  
  103  8:41  Marine  
  103  8:43  SCV x2  
  103  8:48  Marine x2  
  103  8:49  Marine x2  
  103  8:51  SCV  
  103  8:54  Barracks  
  103  8:55  Refinery x2, SCV x2, Barracks  
  109  8:57  Siege Tank, Liberator  
  109  8:59  Marine  
  112  9:09  Marine x3  
  108  9:10  Medivac  
  108  9:16  Marine  
  112  9:17  Marauder  
  112  9:21  SCV x3  
  115  9:24  Supply Depot  
  115  9:25  Command Center  
  115  9:27  Marine x3  
  115  9:30  Combat Shield, Siege Tank  
  121  9:34  Marine  
  122  9:39  Marauder  
  122  9:40  Medivac  
  122  9:44  Marine  
  116  9:47  Barracks Tech Lab  
  116  9:48  Barracks Tech Lab  
  116  9:49  Marine x2  
  116  9:52  Marine  
  119  10:00  Medivac, Marauder  
  119  10:01  Armory, Barracks x2  
  119  10:02  Marine, Barracks  
  119  10:03  SCV x3  
  127  10:07  Marine, Marauder  
  127  10:10  Medivac  
  127  10:11  Concussive Shells  
  127  10:13  Refinery  
  132  10:16  SCV  
  132  10:17  Refinery  
  133  10:33  Starport  
  133  10:34  Starport  
  133  10:36  Marine x2  
  133  10:37  Marine x2, SCV, Marauder x2  
  133  10:39  Planetary Fortress  
  142  10:43  SCV, Factory Tech Lab  
  142  10:44  SCV  
  142  10:49  SCV, Barracks Tech Lab  
  145  10:50  Barracks Reactor, Barracks Tech Lab  
  145  10:51  Terran Infantry Armor Level 2, Terran Infantry Weapons Level 2  
  145  10:59  Marauder x2  
  145  11:01  Marauder  
  145  11:02  Marine  
  145  11:03  Marine  
  148  11:07  Marine  
  148  11:08  Marine x3  
  140  11:15  Corvid Reactor  
  140  11:16  Raven  
  138  11:20  Marine  
  138  11:21  Marine  
  138  11:24  Marauder x2  
  143  11:25  Command Center  
  143  11:27  Medivac  
  143  11:28  Medivac  
  143  11:32  Marauder  
  148  11:34  Marauder  
  148  11:37  Supply Depot  
  146  11:42  Terran Vehicle And Ship Armor Level 1  
  146  11:43  Supply Depot x2  
  146  11:48  Raven  
  146  11:54  Supply Depot x2  
  148  11:55  Marauder x4  
  148  11:59  Raven, Marauder  
  148  12:00  Marine x4  
  164  12:04  Marine x2  
  164  12:05  Medivac x2  
  170  12:16  Marauder x2  
  170  12:18  Marine x2, Marauder x2  
  170  12:22  Refinery  
  180  12:24  Marine x2, Marauder  
  180  12:25  Refinery  
  184  12:30  Marine x2  
  184  12:36  Marine  
  186  12:38  Raven, Marauder x2  
  186  12:39  Marauder  
  186  12:40  Starport  
  186  12:41  Starport  
  186  12:42  Raven  
  196  13:00  Planetary Fortress  
  196  13:02  Command Center  
  196  13:03  Command Center  
  193  13:07  Marauder x2  
  193  13:11  Marauder  
  179  13:14  Viking x2  
  175  13:26  Starport Tech Lab x2  
Show
View Real Time Build Order
Export as new Build Order

ziGGy Terran 

Build Orders: 1/1/1, Mech 

Get SALT Encoding   

  12  0:00  SCV  
  13  0:12  SCV  
  14  0:17  Supply Depot  
  14  0:24  SCV  
  14  0:27  Refinery  
  15  0:38  SCV  
  16  0:44  Barracks  
  16  0:50  SCV  
  16  0:54  Refinery  
  17  1:03  SCV  
  18  1:15  SCV  
  19  1:30  Orbital Command  
  19  1:32  Factory  
  19  1:34  Reaper  
  20  1:43  Supply Depot  
  20  1:56  SCV  
  21  2:06  Barracks Reactor  
  21  2:08  SCV  
  24  2:15  Hellion  
  24  2:18  Starport  
  24  2:20  SCV  
  25  2:27  Supply Depot  
  25  2:32  SCV  
  28  2:37  Hellion  
  28  2:43  Reaper x2  
  30  2:55  Medivac  
  34  2:58  Hellion  
  34  3:15  Reaper x2  
  34  3:19  Hellion  
  38  3:23  Command Center  
  38  3:27  Starport Tech Lab  
  38  3:32  Supply Depot  
  38  3:34  SCV  
  39  3:42  Factory Tech Lab  
  39  3:47  Refinery  
  39  3:54  Marine x2, Raven  
  43  3:56  SCV  
  44  4:03  Cyclone  
  46  4:13  Marine x2  
  46  4:14  SCV  
  41  4:26  SCV  
  40  4:34  Marine x2  
  40  4:36  Siege Tank  
  40  4:38  SCV  
  44  4:50  SCV  
  45  4:54  Marine x2  
  45  4:57  Orbital Command  
  47  5:02  SCV  
  47  5:06  Raven  
  48  5:14  SCV  
  49  5:25  Siege Tank  
  49  5:26  SCV  
  49  5:28  SCV  
  54  5:34  Supply Depot  
  54  5:38  SCV  
  54  5:40  SCV  
  54  5:41  Marine x2  
  58  5:50  SCV  
  58  5:54  Command Center  
  58  5:55  SCV  
  60  6:03  SCV  
  61  6:08  SCV  
  61  6:09  Marine x2, Siege Tank  
  61  6:10  Raven  
  69  6:15  SCV, Supply Depot  
  68  6:20  SCV  
  69  6:27  SCV, Supply Depot  
  69  6:30  Refinery  
  70  6:37  SCV  
  70  6:39  SCV, Factory  
  72  6:41  Factory  
  72  6:43  Siege Tank  
  72  6:46  Engineering Bay  
  75  6:48  Barracks Reactor  
  75  6:49  SCV  
  75  6:51  SCV  
  77  7:01  SCV  
  77  7:03  SCV  
  77  7:06  Orbital Command  
  78  7:09  Viking x2  
  78  7:13  SCV  
  83  7:17  Siege Tank  
  83  7:20  Missile Turret  
  83  7:22  SCV, Missile Turret  
  87  7:23  Orbital Command, Missile Turret  
  87  7:37  Refinery, SCV  
  88  7:39  Viking x2  
  88  7:40  SCV  
  85  7:56  SCV x2  
  85  7:57  Siege Tank x2  
  90  8:08  SCV  
  91  8:13  Viking  
  91  8:15  Hellion x2  
  91  8:23  SCV  
  92  8:28  Orbital Command  
  92  8:29  SCV, Siege Tank  
  99  8:36  Command Center  
  99  8:37  SCV  
  99  8:39  Missile Turret  
  83  8:42  SCV  
  74  8:48  Viking  
  74  8:49  SCV  
  74  8:52  Siege Tank  
  74  8:53  Hellion x2  
  74  8:54  SCV x2  
  84  9:01  SCV  
  82  9:06  SCV  
  82  9:08  Siege Tank  
  80  9:12  SCV  
  80  9:13  SCV  
  80  9:15  Viking  
  84  9:18  Viking  
  84  9:20  Missile Turret  
  84  9:22  Sensor Tower  
  86  9:25  SCV x2  
  86  9:27  SCV  
  89  9:37  SCV  
  89  9:42  Orbital Command  
  83  9:46  Refinery  
  83  9:47  Missile Turret  
  83  9:48  SCV  
  83  9:49  Refinery  
  83  9:50  Siege Tank x2  
  90  9:52  Armory  
  90  9:54  Armory  
  90  9:57  SCV  
  91  10:02  SCV  
  92  10:08  Viking  
  92  10:10  SCV, Viking  
  92  10:12  SCV  
  98  10:14  SCV  
  99  10:22  SCV x2  
  99  10:23  Siege Tank  
  99  10:24  SCV  
  99  10:25  Siege Tank  
  99  10:26  SCV  
  109  10:32  Hellion x2  
  113  10:38  Missile Turret  
  113  10:40  SCV x2  
  113  10:41  SCV  
  113  10:42  Terran Vehicle Weapons Level 1, Terran Vehicle And Ship Armor Level 1, Missile Turret  
  116  10:52  SCV  
  116  10:54  Viking  
  109  10:57  Viking  
  109  11:00  SCV  
  109  11:03  Siege Tank  
  107  11:10  Siege Tank  
  98  11:13  SCV, Hellion x2  
  92  11:19  SCV x2  
  92  11:21  SCV  
  92  11:24  Viking  
  92  11:25  SCV  
  98  11:30  Viking  
  98  11:31  SCV x2  
  102  11:33  SCV  
  102  11:34  Hellion x2  
  102  11:35  Siege Tank  
  102  11:37  SCV  
  111  11:42  Siege Tank  
  111  11:43  SCV x2  
  116  11:49  Supply Depot, SCV x2  
  118  11:55  SCV x2, Hellion x2  
  124  12:02  Factory x2  
  124  12:05  Supply Depot  
  124  12:08  Viking, SCV x3  
  124  12:10  Viking  
  131  12:16  Siege Tank  
  131  12:17  Hellion x2  
  138  12:26  Siege Tank  
  138  12:28  Supply Depot x2  
  141  12:31  Missile Turret  
  141  12:32  Infernal Pre-Igniter  
  141  12:42  Hellion x2  
  145  12:49  Siege Tank  
  145  12:51  Viking x2  
  152  12:58  Factory Tech Lab x2  
  152  12:59  SCV, Siege Tank  
  152  13:00  SCV  
  152  13:04  Missile Turret  
  152  13:05  Missile Turret  
  126  13:13  SCV  
  126  13:15  SCV  
  126  13:17  Siege Tank  
  126  13:19  Siege Tank  
  120  13:21  SCV, Siege Tank  
  123  13:28  Hellion x2  
  123  13:33  SCV x2  
  132  13:36  SCV  

Tags
 
Add a new tag
Caveats
  • Supply blocks, unpowered buildings, or Contaminate may cause inaccurate times.
  • Supply counts are checked every 10 seconds.